 Dungeon Crawl Stone Soup version 0.21.1-1-g345015f (webtiles) character file.

7568 microfolk the Magician (level 11, -7/84 HPs)
             Began as a Gnoll Skald on May 1, 2018.
             Was a Follower of Cheibriados.
             Mangled by a fire dragon (11 damage)
             ... on level 11 of the Dungeon.
             The game lasted 00:35:07 (14091 turns).

microfolk the Magician (Gnoll Skald)               Turns: 14091, Time: 00:35:08

Health: -7/84      AC:  7    Str: 16    XL:     11   Next: 17%
Magic:  13/22      EV: 16    Int: 21    God:    Cheibriados [*.....]
Gold:   704        SH:  0    Dex: 19    Spells: 15/25 levels left

rFire    . . .     SeeInvis .   D - +3 halberd
rCold    . . .     Gourm    .   (shield currently unavailable)
rNeg     . . .     Faith    .   g - +0 ring mail
rPois    .         Spirit   .   c - +0 helmet
rElec    .         Reflect  .   (no cloak)
rCorr    +         Harm     .   (no gloves)
MR       .....                  (no boots)
Stlth    +++.......             (no amulet)
HPRegen  1.24/turn              C - ring of resist corrosion
MPRegen  0.18/turn              (no ring)

@: regenerating, very slow
A: distributed training, fangs 1, strong nose
a: Bend Time, Renounce Religion


You were on level 11 of the Dungeon.
You worshipped Cheibriados.
Cheibriados was aware of your devotion.
You were not hungry.

You visited 3 branches of the dungeon, and saw 14 of its levels.

You collected 704 gold pieces.

Inventory:

Hand Weapons
 a - a +0 trident
 b - a +0 hunting sling
 p - a +0 hand crossbow
 w - a +0 scythe
 D - a +3 halberd (weapon)
 T - a +0 glaive
Missiles
 f - 361 stones (quivered)
 x - 2 curare-tipped needles
 H - 2 tomahawks of returning
 K - 33 poisoned needles
 P - 38 sling bullets
Armour
 c - a +0 helmet (worn)
 g - a +0 ring mail (worn)
 o - a +1 robe of magic resistance
 s - a +0 scale mail
 v - +0 pearl dragon scales
Jewellery
 C - a ring of resist corrosion (left hand)
Wands
 n - a wand of paralysis (8)
 O - a wand of iceblast (4)
 S - a wand of digging (16)
Scrolls
 h - 4 scrolls of identify
 k - 3 scrolls of amnesia
 q - 2 scrolls of teleportation
 r - 2 scrolls of enchant weapon {unknown}
 t - a scroll of blinking
 u - a scroll of immolation
 y - a scroll of magic mapping {unknown}
 A - a scroll of fog {unknown}
 B - 2 scrolls of enchant armour {unknown}
 M - a scroll of fear {unknown}
 Q - a scroll of remove curse
 U - a scroll of random uselessness {unknown}
Potions
 e - 2 potions of lignification
 i - a potion of mutation
 l - a potion of heal wounds
 m - 12 potions of curing
 z - a potion of brilliance
 E - a potion of might
 G - a potion of invisibility
 I - 2 potions of agility
 J - a potion of flight
 N - a potion of magic
Books
 F - a book of Misfortune

   Spells                             Type                      Level
   a - Confusing Touch                Hexes                        1
   b - Confuse                        Hexes                        3
   c - Gell's Gravitas                Translocation                3
   d - Petrify                        Transmutation/Earth          4
   e - Metabolic Englaciation         Hexes/Ice                    5
   f - Yara's Violent Unravelling     Hexes/Transmutation          5
 L - a Young Poisoner's Handbook

   Spells                             Type                      Level
   a - Sting                          Conjuration/Poison           1
   b - Poisonous Vapours              Poison/Air                   2
   c - Mephitic Cloud                 Conjuration/Poison/Air       3
   d - Olgreb's Toxic Radiance        Poison                       4
   e - Venom Bolt                     Conjuration/Poison           5
 V - a book of Frost

   Spells                             Type                      Level
   a - Freeze                         Ice                          1
   b - Throw Frost                    Conjuration/Ice              2
   c - Ozocubu's Armour               Charms/Ice                   3
   d - Throw Icicle                   Conjuration/Ice              4
   e - Summon Ice Beast               Ice/Summoning                4
Comestibles
 d - 26 rations
 j - 5 chunks of flesh


   Skills:
 + Level 7.6 Fighting
 + Level 5.9 Short Blades
 + Level 5.9 Long Blades
 + Level 5.9 Axes
 + Level 5.9 Maces & Flails
 + Level 7.6 Polearms
 + Level 5.9 Staves
 + Level 5.9 Slings
 + Level 5.9 Bows
 + Level 5.9 Crossbows
 + Level 5.9 Throwing
 + Level 6.5 Armour
 + Level 7.6 Dodging
 + Level 5.9 Stealth
 + Level 5.9 Shields
 + Level 5.9 Unarmed Combat
 + Level 7.8 Spellcasting
 + Level 4.9 Conjurations
 + Level 4.9 Hexes
 + Level 7.4 Charms
 + Level 4.9 Summonings
 + Level 4.9 Necromancy
 + Level 4.9 Translocations
 + Level 4.9 Transmutations
 + Level 4.9 Fire Magic
 + Level 4.9 Ice Magic
 + Level 4.9 Air Magic
 + Level 4.9 Earth Magic
 + Level 4.9 Poison Magic
 + Level 6.5 Invocations
 + Level 5.9 Evocations


You had 15 spell levels left.
You knew the following spells:

 Your Spells              Type           Power        Failure   Level  Hunger
a - Poisonous Vapours     Pois/Air       ####..       2%          2    None
b - Song of Slaying       Chrm           #####...     1%          2    None
c - Spectral Weapon       Hex/Chrm       ####....     3%          3    None
d - Regeneration          Chrm/Necr      ####......   3%          3    None


Dungeon Overview and Level Annotations

Branches:
Dungeon (11/15)            Temple (1/1) D:7            Lair (2/6) D:10
 Shoals (0/4) Lair:2
  Snake: Lair:2-4    Spider: Lair:2-4       Orc: D:9-12

Altars:
Ashenzari
Cheibriados
Dithmenos
Elyvilon
Fedhas
Gozag
Hepliaklqana
Kikubaaqudgha
Makhleb
Okawaru
Qazlal
Ru
Sif Muna
Trog
Uskayaw
Vehumet
Wu Jian
Xom
Yredelemnul
Zin
The Shining One

Shops:
D:7 ?

Annotations:
D:3 t7DKbSm's ghost, amateur MiBe
D:4 exclusion: downstairs
D:5 exclusion: 2 downstairs
D:6 Grinder
D:7 exclusion: downstairs


Innate Abilities, Weirdness & Mutations

Your experience applies equally to all skills.
You have very sharp teeth.
Your uncanny sense of smell can sniff out nearby items.


Message History

Your spectral weapon hits the fire dragon!
The fire dragon barely misses you.
The fire dragon claws you but does no damage.
The fire dragon misses you.
You hit the fire dragon but do no damage.
The fire dragon is heavily wounded.
Your spectral weapon closely misses the fire dragon.
The fire dragon bites you. The fire dragon claws you!
* * * LOW HITPOINT WARNING * * *
The fire dragon barely misses you.
You puncture the fire dragon!
The fire dragon is severely wounded.
Your spectral weapon hits the fire dragon!
The fire dragon bites you!
* * * LOW HITPOINT WARNING * * *
The fire dragon claws you but does no damage.
The fire dragon tramples you!
* * * LOW HITPOINT WARNING * * *
You hold your ground!
The fire dragon bites you!
You die...

............#####################
##########..# #..# #..# #..# #..#
#..# #..############
####......@.......
.....>...(D........
########..######### #.†# #....
#..##.. #..# D# #.## .# .## .


You could see a fire dragon and a friendly spectral enchanted halberd.

Vanquished Creatures
  A black mamba (Lair:1)
  2 spiny frogs (Lair:1)
  A rime drake (shapeshifter) (D:8)
  A komodo dragon (Lair:1)
  2 trolls (D:11)
  A hornet (D:10)
  2 hippogriffs
  A wraith (D:10)
  A shadow (D:10)
  A human (D:7)
  A hungry ghost (D:9)
  4 hogs (D:7)
  Menkaure (D:6)
  A porcupine (Lair:2)
  An orc warrior (D:9)
  4 ice beasts
  A hornet zombie (D:6)
  3 sky beasts
  2 black bears
  A necrophage (D:8)
  An ogre (D:9)
  4 centaurs
  3 crocodiles (Lair:1)
  Blork the orc (D:6)
  5 bullfrogs
  A gnoll sergeant (D:10)
  A water moccasin zombie (D:9)
  A wyvern skeleton (D:7)
  2 water moccasin skeletons
  3 scorpions
  3 wights (D:10)
  6 electric eels (D:9)
  2 crimson imps
  3 quasits
  A bullfrog zombie (D:8)
  A centaur zombie (D:10)
  A jelly (D:4)
  3 bullfrog skeletons
  2 orc priests
  A hound (D:6)
  A gnoll shaman (D:6)
  An iguana (D:6)
  An orc wizard (D:5)
  7 worker ants
  A hound skeleton (D:5)
  A worker ant zombie (D:5)
  8 gnolls
  9 adders
  4 shadow imps
  2 adder zombies
  2 adder skeletons
  A worm (D:6)
  3 dart slugs (D:1)
  6 leopard geckos
  16 orcs
  5 ball pythons
  5 giant cockroaches
  2 goblins
  9 hobgoblins
  8 jackals
  9 kobolds
  5 quokkas
  6 bats
  3 frilled lizards
  A goblin skeleton (D:5)
  3 hobgoblin zombies (D:5)
  A kobold zombie (D:5)
  3 leopard gecko skeletons
  An orc skeleton (D:5)
  An orc zombie (D:5)
  13 rats
215 creatures vanquished.

Vanquished Creatures (others)
  A fungus (Lair:1)
  3 spectral weapons
4 creatures vanquished.

Grand Total: 219 creatures vanquished

Notes
Turn   | Place    | Note
-------+----------+-------------------------------------------
     0 | D:1      | microfolk the Gnoll Skald began the quest for the Orb.
     0 | D:1      | Reached XP level 1. HP: 20/20 MP: 6/6
   169 | D:1      | Reached XP level 2. HP: 26/26 MP: 7/7
   173 | D:1      | Learned a level 2 spell: Song of Slaying
   755 | D:1      | You fall through a shaft!
   863 | D:1      | Reached XP level 3. HP: 29/31 MP: 9/9
   868 | D:1      | Learned a level 3 spell: Spectral Weapon
   920 | D:1      | Learned a level 3 spell: Regeneration
  1036 | D:1      | Reached skill level 5 in Spellcasting
  1243 | D:2      | Reached skill level 1 in Invocations
  1328 | D:2      | Reached skill level 1 in Short Blades
  1328 | D:2      | Reached skill level 1 in Long Blades
  1328 | D:2      | Reached skill level 1 in Axes
  1328 | D:2      | Reached skill level 1 in Maces & Flails
  1328 | D:2      | Reached skill level 1 in Staves
  1328 | D:2      | Reached skill level 1 in Slings
  1328 | D:2      | Reached skill level 1 in Bows
  1328 | D:2      | Reached skill level 1 in Crossbows
  1328 | D:2      | Reached skill level 1 in Throwing
  1328 | D:2      | Reached skill level 1 in Stealth
  1328 | D:2      | Reached skill level 1 in Shields
  1328 | D:2      | Reached skill level 1 in Unarmed Combat
  1328 | D:2      | Reached skill level 1 in Evocations
  1328 | D:2      | Reached XP level 4. HP: 25/38 MP: 4/11
  1986 | D:3      | Reached skill level 1 in Conjurations
  1986 | D:3      | Reached skill level 1 in Hexes
  1986 | D:3      | Reached skill level 1 in Summonings
  1986 | D:3      | Reached skill level 1 in Necromancy
  1986 | D:3      | Reached skill level 1 in Translocations
  1986 | D:3      | Reached skill level 1 in Transmutations
  1986 | D:3      | Reached skill level 1 in Fire Magic
  1986 | D:3      | Reached skill level 1 in Ice Magic
  1986 | D:3      | Reached skill level 1 in Air Magic
  1986 | D:3      | Reached skill level 1 in Earth Magic
  1986 | D:3      | Reached skill level 1 in Poison Magic
  2099 | D:3      | Found a faded altar of an unknown god.
  2194 | D:3      | Found a shimmering altar of Xom.
  2214 | D:3      | Found a hide-covered altar of Uskayaw.
  2215 | D:3      | Noticed t7DKbSm's ghost (amateur MiBe)
  2401 | D:3      | Reached XP level 5. HP: 40/43 MP: 12/12
  2484 | D:4      | Found a shadowy altar of Dithmenos.
  2899 | D:4      | Reached XP level 6. HP: 41/50 MP: 13/13
  3524 | D:5      | Entered Level 5 of the Dungeon
  3524 | D:5      | Noticed an ice beast
  3863 | D:5      | Reached skill level 5 in Fighting
  3863 | D:5      | Reached skill level 5 in Polearms
  3863 | D:5      | Reached skill level 5 in Dodging
  4168 | D:5      | Got a creamy pearl robe
  4179 | D:5      | Identified the +2 robe of the Enchanted Forest {rC++ MR- Str+3} (You found it on level 5 of the Dungeon)
  4212 | D:5      | Found a glowing golden altar of the Shining One.
  4482 | D:6      | Reached XP level 7. HP: 44/56 MP: 7/15
  4537 | D:6      | Noticed Blork the orc
  4936 | D:6      | Noticed Grinder
  4967 | D:6      | Noticed Menkaure
  5050 | D:6      | Killed Blork the orc
  5756 | D:6      | Reached XP level 8. HP: 34/63 MP: 8/16
  6111 | D:6      | Killed Menkaure
  6290 | D:6      | Found a radiant altar of Vehumet.
  6900 | D:6      | Paralysed by Grinder for 5 turns
  6958 | D:7      | Found a staircase to the Ecumenical Temple.
  6967 | Temple   | Entered the Ecumenical Temple
  7292 | D:7      | Reached XP level 9. HP: 54/69 MP: 14/18
  7702 | D:7      | Found Vonimp's Magic Scroll Shop.
  7981 | D:7      | Reached skill level 5 in Armour
  8601 | D:8      | Noticed a rime drake
  8605 | D:8      | Killed a rime drake
  8605 | D:8      | Reached skill level 5 in Invocations
  8907 | D:8      | Learned a level 2 spell: Poisonous Vapours
  9741 | D:9      | Reached XP level 10. HP: 77/77 MP: 7/20
 10166 | D:9      | Found a burning altar of Makhleb.
 10458 | D:9      | Reached skill level 5 in Short Blades
 10458 | D:9      | Reached skill level 5 in Long Blades
 10458 | D:9      | Reached skill level 5 in Axes
 10458 | D:9      | Reached skill level 5 in Maces & Flails
 10458 | D:9      | Reached skill level 5 in Staves
 10458 | D:9      | Reached skill level 5 in Slings
 10458 | D:9      | Reached skill level 5 in Bows
 10458 | D:9      | Reached skill level 5 in Crossbows
 10458 | D:9      | Reached skill level 5 in Throwing
 10458 | D:9      | Reached skill level 5 in Stealth
 10458 | D:9      | Reached skill level 5 in Shields
 10458 | D:9      | Reached skill level 5 in Unarmed Combat
 10458 | D:9      | Reached skill level 5 in Evocations
 10849 | D:9      | Found a snail-covered altar of Cheibriados.
 10861 | D:9      | Became a worshipper of Cheibriados the Contemplative
 10880 | D:10     | Entered Level 10 of the Dungeon
 11119 | D:10     | Got a scorched rapier
 11121 | D:10     | Identified the cursed +1 rapier of Nudox {pierce, *Drain rF+ Int+6} (You found it on level 10 of the Dungeon)
 11853 | D:10     | Found a staircase to the Lair.
 11873 | D:10     | Reached * piety under Cheibriados
 12332 | Lair:1   | Entered Level 1 of the Lair of Beasts
 12394 | Lair:1   | Identified the +2 robe "Bokhy" {Int+4} (You found it on level 1 of the Lair of Beasts)
 12459 | Lair:1   | Noticed a spiny frog
 12472 | Lair:1   | Killed a spiny frog
 12600 | Lair:1   | Noticed a spiny frog
 12600 | Lair:1   | Noticed a black mamba
 12979 | Lair:1   | Killed a spiny frog
 13007 | Lair:1   | Reached XP level 11. HP: 79/84 MP: 14/22
 13846 | Lair:2   | Found a staircase to the Shoals.
 14081 | D:11     | Noticed a fire dragon
 14091 | D:11     | HP: 4/84 [fire dragon (10)]
 14091 | D:11     | Mangled by a fire dragon

Skill      XL: |  1  2  3  4  5  6  7  8  9 10 |
---------------+-------------------------------+-----
Spellcasting   | 5 6 7 |  7.8
Invocations    | 1 2 3 4 5 6 |  6.5
Short Blades   | 1 2 3 4 5 |  5.9
Long Blades    | 1 2 3 4 5 |  5.9
Axes           | 1 2 3 4 5 |  5.9
Maces & Flails | 1 2 3 4 5 |  5.9
Staves         | 1 2 3 4 5 |  5.9
Slings         | 1 2 3 4 5 |  5.9
Bows           | 1 2 3 4 5 |  5.9
Crossbows      | 1 2 3 4 5 |  5.9
Throwing       | 1 2 3 4 5 |  5.9
Stealth        | 1 2 3 4 5 |  5.9
Shields        | 1 2 3 4 5 |  5.9
Unarmed Combat | 1 2 3 4 5 |  5.9
Evocations     | 1 2 3 4 5 |  5.9
Conjurations   | 1 2 3 4 |  4.9
Hexes          | 1 2 3 4 |  4.9
Summonings     | 1 2 3 4 |  4.9
Necromancy     | 1 2 3 4 |  4.9
Translocations | 1 2 3 4 |  4.9
Transmutations | 1 2 3 4 |  4.9
Fire Magic     | 1 2 3 4 |  4.9
Ice Magic      | 1 2 3 4 |  4.9
Air Magic      | 1 2 3 4 |  4.9
Earth Magic    | 1 2 3 4 |  4.9
Poison Magic   | 1 2 3 4 |  4.9
Armour         | 3 4 5 6 |  6.5
Fighting       | 5 6 7 |  7.6
Polearms       | 5 6 7 |  7.6
Dodging        | 5 6 7 |  7.6
Charms         | 6 7 |  7.4

Action                   |  1- 3 |  4- 6 |  7- 9 | 10-12 || total
-------------------------+-------+-------+-------+-------++-------
Melee: Spear             |    73 |   278 |    99 |       ||   450
       Bite              |     1 |    31 |    17 |    11 ||    60
       Punch             |       |     2 |     1 |       ||     3
       Trident           |       |       |    32 |       ||    32
       Halberd           |       |       |    86 |   112 ||   198
 Fire: Hunting sling     |       |    13 |     8 |       ||    21
Throw: Stone             |    23 |    26 |    10 |     7 ||    66
 Cast: Infusion          |     7 |     2 |     2 |       ||    11
       Spectral Weapon   |     3 |    13 |    35 |    18 ||    69
       Song of Slaying   |     1 |       |       |       ||     1
       Regeneration      |       |     9 |    18 |    10 ||    37
       Poisonous Vapours |       |       |    28 |    80 ||   108
  Use: Scroll            |     2 |     7 |     8 |     7 ||    24
 Stab: Sleeping          |     4 |     3 |     1 |       ||     8
       Distracted        |       |     1 |     3 |       ||     4
  Eat: Chunk             |     1 |    12 |    16 |     5 ||    34
       Ration            |       |       |     1 |     2 ||     3
Armor: Leather armour    |     8 |    22 |       |       ||    30
       Ring mail         |       |    31 |    34 |    27 ||    92
       Robe              |       |       |     4 |       ||     4
Dodge: Dodged            |    30 |   136 |   152 |    93 ||   411
